 Dungeon Crawl Stone Soup version 0.28.0-53-g5a82cb258f (webtiles) character file.

Game seed: 3020844892120639565

48 Kangaroobicon the Skirmisher (level 3, -3/31 HPs)
             Began as a Palentonga Fighter on May 28, 2022.
             Slain by an adder (4 damage)
             ... on level 2 of the Dungeon.
             The game lasted 00:06:24 (758 turns).

Kangaroobicon the Skirmisher (Palentonga Fighter)    Turns: 758, Time: 00:06:26

Health: -3/31      AC:  7    Str: 19    XL:     3   Next: 50%
Magic:  3/3        EV:  7    Int:  8    God:
Gold:   18         SH:  4    Dex: 11    Spells: 2/2 levels left

rFire   . . .      SeeInvis +   a - +0 war axe
rCold   . . .      Faith    .   c - +0 buckler
rNeg    . . .      Spirit   .   b - +0 scale mail
rPois   .          Reflect  .   (no helmet)
rElec   .          Harm     .   (no cloak)
rCorr   .          Rampage  .   h - +0 pair of gloves
Will    .....                   (no barding)
Stlth   ..........              (no amulet)
HPRegen 0.10/turn               (no ring)
MPRegen 0.08/turn               (no ring)

@: no status effects
A: large, rugged brown scales 3, see invisible, deformed body, roll 1, armoured
tail
a: Rolling Charge


You were on level 2 of the Dungeon.
You visited 1 branch of the dungeon, and saw 2 of its levels.

You collected 18 gold pieces.

Inventory:

Hand Weapons
 a - a +0 war axe (weapon)
 g - a +1 dagger of distortion
Armour
 b - a +0 scale mail (worn)
 c - a +0 buckler (worn)
 h - a +0 pair of gloves (worn)
 i - a +0 plate armour
Scrolls
 e - a scroll of magic mapping {unknown}
Potions
 d - 2 potions of might
 f - 2 potions of degeneration {unknown}


   Skills:
 + Level 3.4 Fighting
 + Level 2.5 Axes
 + Level 2.6 Armour
 + Level 0.3 Dodging
 + Level 2.9 Shields


You had 2 spell levels left.
You didn't know any spells.
Your spell library was empty.

Dungeon Overview and Level Annotations

Branches:
Dungeon (2/15)

Altars:


Innate Abilities, Weirdness & Mutations

You are completely covered in rugged brown scales. (AC +3, +7% HP)
You have supernaturally acute eyesight. (SInv)
Armour fits poorly on your strangely shaped body.
You can roll at nearby foes to attack.
You have a long armoured tail.


Message History

You slash the adder!
The adder is severely wounded.
You feel very sick. The adder bites you. x2
You barely miss the adder.
The adder is severely wounded.
You feel very sick. The adder bites you but does no damage.
The adder bites you.
You barely miss the adder.
Your tail-slap misses the adder.
The adder is severely wounded.
You feel sick. The adder bites you but does no damage.
You barely miss the adder.
The adder is severely wounded.
You feel sick.
The adder bites you but does no damage. x2
You completely miss the adder.
The adder is severely wounded.
You feel sick. The adder bites you.
* * * LOW HITPOINT WARNING * * *
You are more poisoned.
The adder poisons you! The adder bites you.
* * * LOW HITPOINT WARNING * * *
You miss the adder.
The adder is severely wounded.
* * * LOW HITPOINT WARNING * * *
You feel sick.
The adder bites you but does no damage. x2
You miss the adder.
The adder is severely wounded.
* * * LOW HITPOINT WARNING * * *
You feel sick. The adder barely misses you. The adder completely misses you.
You miss the adder.
The adder is severely wounded.
* * * LOW HITPOINT WARNING * * *
You feel sick. You block the adder's attack.
You miss the adder.
Your tail-slap misses the adder.
The adder is severely wounded.
* * * LOW HITPOINT WARNING * * *
You feel sick.
You are no longer poisoned.
The adder bites you.
You die...

........................
.....................##.
.######.............##
##.....#.....##
###.....##### #.###.###
#.###...####
.####.##........#
>.....S@........#
#####.##........# ..
.........# ..>
..######### ### .. ...
...


You could see an adder.

Vanquished Creatures
  A dart slug (D:1)
  9 ball pythons (D:1)
  3 bats (D:1)
  6 endoplasms
  2 giant cockroaches (D:1)
  3 hobgoblins
  6 kobolds
  2 quokkas
  2 frilled lizards
  4 goblins (D:1)
  2 rats (D:1)
40 creatures vanquished.

Notes
Turn   | Place    | Note
-------+----------+-------------------------------------------
     0 | D:1      | Kangaroobicon the Palentonga Fighter began the quest for
                  | the Orb.
     0 | D:1      | Reached XP level 1. HP: 19/19 MP: 1/1
    10 | D:1      | You fall into a shaft and drop 1 floor!
    55 | D:1      | Reached XP level 2. HP: 19/25 MP: 2/2
   204 | D:1      | Reached XP level 3. HP: 23/31 MP: 3/3
   758 | D:2      | HP: 1/31 [poisoned by an adder]
   758 | D:2      | Slain by an adder

Illustrated notes

Levels and vault maps discovered:
D:1:      lightli_arrival_flooded_house, layout_rooms
D:2:      layout_rooms, hellmonk_ecumenical_altar_lost_god, basic_altar,
          minmay_cupped

Action                   || total
-------------------------++-------
Melee: War axe           ||   101
       Tailslap          ||     8
Armor: Scale mail        ||    45
Dodge: Dodged            ||    37
Block: Buckler           ||    22
